 Dungeon Crawl Stone Soup version 0.25.0-1-g7eea58d2a3 (webtiles) character file.

Game seed: 12123613861493130630

150190 xccam the Severer (level 16, -3/151 HPs)
             Began as a Minotaur Berserker on June 14, 2020.
             Was the Champion of Trog.
             Slain by Donald
             ... wielding a +2 eveningstar of draining
              (11 damage)
             ... on level 1 of the Swamp.
             The game lasted 00:41:13 (26620 turns).

xccam the Severer (Minotaur Berserker)             Turns: 26620, Time: 00:41:13

Health: -3/151     AC: 23    Str: 33    XL:     16   Next: 98%
Magic:  15/15      EV: 14    Int:  5    God:    Trog [******]
Gold:   1993       SH: 14    Dex: 11    Spells: 15/15 levels left

rFire    + . .     SeeInvis +   a - +8 broad axe of Bimemn {vorpal, Stlth+}
rCold    + . .     Gourm    .   R - +0 kite shield
rNeg     . . .     Faith    .   U - +4 chain mail {rPois}
rPois    +         Spirit   .   Y - +2 hat {MR+}
rElec    .         Reflect  .   w - scarf {rC+ rF+}
rCorr    .         Harm     .   M - +1 pair of gloves
MR       ++++.                  G - +1 pair of boots
Stlth    ..........             H - amulet of the acrobat
HPRegen  1.35/turn              m - +6 ring of strength
MPRegen  0.14/turn              J - ring of see invisible

@: regenerating, heavily drained
A: retaliatory headbutt, horns 2
a: Berserk, Trog's Hand, Brothers in Arms, Renounce Religion


You were on level 1 of the Swamp.
You worshipped Trog.
Trog was exalted by your worship.
You were not hungry.

You visited 4 branches of the dungeon, and saw 24 of its levels.
You also visited: Ice Cave.

You collected 2654 gold pieces.
You spent 661 gold pieces at shops.

Inventory:

Hand Weapons
 a - the +8 broad axe of Bimemn (weapon) {vorpal, Stlth+}
   (Trog gifted it to you on level 10 of the Dungeon)

   It inflicts extra damage upon your enemies.
   It makes you more stealthy.
 b - a +3 broad axe of flaming
Armour
 r - the cursed quicksilver dragon scales "Wakazeor" {rElec rF++ MR+ Dex+4 Stlth+}
   (You found it in an ice cave)

   It affects your dexterity (+4).
   It greatly protects you from fire.
   It insulates you from electricity.
   It affects your resistance to hostile enchantments.
   It makes you more stealthy.
   It has a curse placed upon it.
 w - a scarf of resistance (worn)
 E - a +4 plate armour of cold resistance
 G - a +1 pair of boots (worn)
 M - a +1 pair of gloves (worn)
 R - a +0 kite shield (worn)
 U - a +4 chain mail of poison resistance (worn)
 Y - a +2 hat of magic resistance (worn)
Jewellery
 g - an uncursed ring of protection from cold
 m - a +6 ring of strength (left hand)
 H - an amulet of the acrobat (around neck)
 J - a ring of see invisible (right hand)
 Z - an uncursed ring of protection from fire
Wands
 t - a wand of flame (73)
 u - a wand of paralysis (5)
 x - a wand of digging (7)
 y - a wand of random effects (47)
 I - a wand of acid (22)
 K - a wand of iceblast (5)
 S - a wand of polymorph (5)
Scrolls
 e - 8 scrolls of enchant armour
 i - 13 scrolls of remove curse
 j - 2 scrolls of fear
 o - 11 scrolls of teleportation
 p - a scroll of magic mapping
 q - a scroll of noise {unknown}
 s - a scroll of torment {unknown}
 v - 4 scrolls of fog
 P - a scroll of enchant weapon
 Q - a scroll of summoning
 V - a scroll of vulnerability
 W - 4 scrolls of immolation {unknown}
 X - a scroll of blinking {unknown}
Potions
 d - 5 potions of haste
 f - 2 potions of magic {unknown}
 h - 8 potions of flight
 k - a potion of invisibility {unknown}
 l - 7 potions of curing
 n - 10 potions of heal wounds
 z - 3 potions of mutation
 A - a potion of ambrosia {unknown}
 B - 4 potions of lignification
 C - a potion of stabbing {unknown}
 D - 4 potions of cancellation
 F - 5 potions of might
 L - a potion of resistance
 N - 2 potions of berserk rage
 O - 2 potions of brilliance {unknown}
Comestibles
 c - 60 rations


   Skills:
 + Level 16.1(13.2) Fighting
 - Level 18.0(14.9) Axes
 + Level 16.0(13.0) Armour
 + Level 14.8(11.9) Dodging
 + Level 14.8(12.0) Shields


You had 15 spell levels left.
You didn't know any spells.
Your spell library was empty.

Dungeon Overview and Level Annotations

Branches:
Dungeon (15/15)            Temple (0/1) D:6            Lair (6/6) D:11
  Swamp (1/4) Lair:4       Spider (0/4) Lair:4        Slime (0/5) Lair:6
    Orc (2/2) D:12            Elf (0/3) Orc:2        Vaults (0/5) D:14
 Depths (0/5) D:15          IceCv (visited)

Altars:
Ashenzari
Qazlal
Uskayaw
Vehumet
Wu Jian
The Shining One
Beogh

Shops:
D:15 !   Orc:2 :([(

Annotations:
Swamp:1 Donald


Innate Abilities, Weirdness & Mutations

You reflexively headbutt those who attack you in melee.
You have a pair of horns on your head.


Message History

You block the spriggan rider's attack.
As you read the scroll of fear, it crumbles to dust.
You assume a fearsome visage.
Donald resists with some effort.
The spriggan rider looks frightened! x2
Donald hits you with a +2 eveningstar of draining!
* * * LOW HITPOINT WARNING * * *
You feel drained.
* * * LOW HITPOINT WARNING * * *
Donald says, "Damn it, I left my flaming sword at home."
Donald hits you with a +2 eveningstar of draining!
* * * LOW HITPOINT WARNING * * *
You feel drained.
Unknown command.
Okay, then.
Okay, then.
You feel much better.
Donald hits you with a +2 eveningstar of draining!!
* * * LOW HITPOINT WARNING * * *
You feel drained.
You die...

..♣ ♣♣.≈≈..≈§§
...♣♣..≈..♣$.≈
♣..?♣.≈♣≈≈..≈
♣.♣§♣.≈≈≈≈§♣
♣.♣≈.....≈♣
♣≈.♣.≈≈.♣
♣§≈≈†♣≈.♣
♣≈..@†.♣
♣.≈≈@.♣.♣
♣♣...≈..♣
♣..♣....♣
♣..♣♣>.≈.♣
♣..♣♣♣i≈i♣
♣§♣♣ ...♣ ♣.♣
♣..♣ ♣.♣ ≈.♣


You could see Donald (fast, strong) and 2 spriggan riders.

Vanquished Creatures
  Saint Roka (Orc:2)
  Jorgrun (D:15)
  Rupert (Lair:5)
  Gastronok (Lair:3)
  An orc warlord (Orc:1)
  A frost giant (IceCv)
  Louise (D:15)
  A ghoul (D:15)
  Nessos (Lair:6)
  The ghost of dorian the Fighter, a journeyman OgHu of Trog (Lair:2)
  Snorg (Lair:6)
  The ghost of Luam the Spear-Bearer, a journeyman OpFi of Cheibriados (Lair:5)
  An ettin (Orc:1)
  Fannar (D:12)
  Josephine (Lair:4)
  8 vault guards (D:14)
  Harold (Orc:1)
  A catoblepas (Lair:5)
  14 hydras
  A death knight (D:15)
  3 centaur warriors
  An alligator (Swamp:1)
  7 two-headed ogres
  An ogre mage (D:15)
  4 death yaks (Lair:6)
  An orc high priest (Orc:2)
  A tengu warrior (D:15)
  Sonja (Orc:2)
  5 skeletal warriors
  Nergalle (D:12)
  4 unseen horrors
  2 phantasmal warriors (D:15)
  3 orc knights
  16 ugly things
  A necromancer (D:10)
  An oklob plant (Lair:4)
  6 orc sorcerers
  4 deep elf magi
  3 cyclopes
  7 slime creatures
  4 elephants (Lair:2)
  A manticore (D:12)
  8 centaur zombies
  An ice statue (IceCv)
  5 black mambas
  A gargoyle (D:15)
  Joseph (D:7)
  4 molten gargoyles (D:14)
  7 centaur skeletons
  A spiny frog (shapeshifter) (D:15)
  32 spiny frogs
  A tengu conjurer (D:15)
  A rime drake (shapeshifter) (D:15)
  A freezing wraith (D:15)
  11 komodo dragons
  2 rime drakes (Lair:6)
  18 polar bears
  A harpy zombie (D:15)
  A queen bee (D:14)
  4 trolls
  2 jumping spiders (Lair:4)
  3 meliai (D:14)
  4 tyrant leeches (Lair:6)
  3 hippogriffs
  16 blink frogs
  A bog body (Swamp:1)
  2 hornets (Swamp:1)
  4 dream sheep (Lair:6)
  A slime creature (shapeshifter) (D:15)
  2 meliai zombies
  3 redbacks (Lair:4)
  84 yaks
  2 spriggans (Lair:3)
  6 wraiths
  A vampire (D:15)
  A human (D:7)
  10 wyverns
  6 basilisks
  3 hogs (D:7)
  2 steam dragons
  2 hungry ghosts
  20 vampire mosquitoes
  3 swamp worms (Swamp:1)
  12 water moccasins
  11 wargs
  3 acid dragons
  6 porcupines
  5 black bears
  37 orc warriors
  6 ice beasts
  5 sky beasts
  An eye of draining (D:9)
  A hornet zombie (D:13)
  3 phantoms
  15 ogres
  6 necrophages
  5 boggarts (D:15)
  28 wolves
  21 centaurs
  15 crocodiles
  4 big kobolds
  29 bullfrogs
  A gnoll sergeant (D:10)
  A water moccasin zombie (D:7)
  5 scorpions
  A wyvern skeleton (D:13)
  5 wights (D:9)
  40 killer bees
  5 electric eels
  2 lava snakes (D:15)
  5 crimson imps
  5 howler monkeys
  3 bullfrog zombies
  3 jellies
  7 hounds
  20 orc priests
  2 bullfrog skeletons
  Jessica (D:3)
  7 iguanas
  Terence (D:3)
  Natasha (twice) (D:3)
  26 orc wizards
  5 worker ants
  3 yak simulacra (D:10)
  5 polar bear simulacra (D:10)
  A wolf simulacrum (D:10)
  A killer bee zombie (D:5)
  3 mummies (D:15)
  A worker ant zombie (D:5)
  8 gnolls
  17 adders
  A howler monkey skeleton (D:6)
  6 shadow imps
  12 white imps (D:12)
  An ooze (shapeshifter) (D:15)
  An ooze (D:2)
  2 adder skeletons
  3 worms
  4 dart slugs
  4 leopard geckos
  98 orcs
  6 giant cockroaches
  3 goblins
  10 hobgoblins
  16 jackals
  9 quokkas
  8 bats
  6 frilled lizards
  27 kobolds
  A quokka skeleton (D:4)
  10 rats
  2 river rat simulacra (D:10)
  A fire vortex (D:15)
  7 fungi
  8 plants
1043 creatures vanquished.

Vanquished Creatures (others)
  2 polar bears (IceCv)
  A wolf (IceCv)
  A crocodile (Lair:6)
  An orc (Orc:1)
  12 fungi
  81 plants
98 creatures vanquished.

Grand Total: 1141 creatures vanquished

Notes
Turn   | Place    | Note
-------+----------+-------------------------------------------
     0 | D:1      | xccam the Minotaur Berserker began the quest for the Orb.
     0 | D:1      | Reached XP level 1. HP: 19/19 MP: 0/0
   132 | D:1      | Reached skill level 4 in Axes
   406 | D:1      | Reached XP level 2. HP: 21/26 MP: 1/1
   787 | D:1      | Reached skill level 5 in Axes
   878 | D:1      | Reached XP level 3. HP: 31/31 MP: 2/2
   880 | D:1      | Reached ** piety under Trog
  1067 | D:2      | Noticed a scorpion
  1079 | D:2      | Killed a scorpion
  1079 | D:2      | Reached skill level 6 in Axes
  1079 | D:2      | Reached XP level 4. HP: 39/39 MP: 3/3
  1865 | D:3      | Noticed Natasha
  1868 | D:3      | Killed Natasha
  1868 | D:3      | Reached XP level 5. HP: 45/45 MP: 4/4
  1871 | D:3      | Reached skill level 7 in Axes
  2041 | D:3      | Found a glowing golden altar of the Shining One.
  2059 | D:3      | Noticed Terence
  2066 | D:3      | Killed Terence
  2084 | D:3      | Noticed Jessica
  2090 | D:3      | Killed Jessica
  2178 | D:3      | Reached *** piety under Trog
  2242 | D:3      | Noticed Natasha
  2254 | D:3      | Killed Natasha
  2254 | D:3      | Reached skill level 8 in Axes
  2431 | D:3      | Reached XP level 6. HP: 52/52 MP: 5/5
  2831 | D:4      | Noticed an ice beast
  2837 | D:4      | Killed an ice beast
  3054 | D:4      | Reached XP level 7. HP: 52/60 MP: 6/6
  3713 | D:5      | Entered Level 5 of the Dungeon
  3729 | D:5      | Reached skill level 5 in Fighting
  3733 | D:5      | Reached **** piety under Trog
  4062 | D:5      | Reached skill level 9 in Axes
  4184 | D:5      | Reached XP level 8. HP: 57/69 MP: 7/7
  4389 | D:5      | Reached skill level 5 in Armour
  4801 | D:6      | Reached skill level 5 in Dodging
  4863 | D:6      | Found a stormy altar of Qazlal.
  5034 | D:6      | Got a bloodstained ring mail
  5045 | D:6      | Identified the +6 ring mail of Broken Taboos {*Slow rC+
                  | rCorr} (You found it on level 6 of the Dungeon)
  5084 | D:6      | Found a staircase to the Ecumenical Temple.
  5124 | D:6      | Found a shattered altar of Ashenzari.
  5474 | D:7      | Found a hide-covered altar of Uskayaw.
  5652 | D:7      | Reached skill level 10 in Axes
  5652 | D:7      | Reached XP level 9. HP: 68/79 MP: 8/8
  6128 | D:7      | Noticed Joseph
  6137 | D:7      | Killed Joseph
  6261 | D:7      | Found a glowing golden altar of the Shining One.
  6471 | D:8      | Found a radiant altar of Vehumet.
  6484 | D:8      | Found a hide-covered altar of Uskayaw.
  6528 | D:8      | Noticed a two-headed ogre
  6535 | D:8      | Killed a two-headed ogre
  6535 | D:8      | Reached skill level 11 in Axes
  6535 | D:8      | Reached XP level 10. HP: 90/90 MP: 9/9
  7075 | D:8      | Found an ornate altar of the Wu Jian Council.
  7234 | D:9      | Reached skill level 1 in Shields
  7419 | D:9      | Reached skill level 12 in Axes
  7635 | D:9      | Reached ***** piety under Trog
  7924 | D:9      | Noticed an unseen horror
  7933 | D:9      | Killed an unseen horror
  7933 | D:9      | Reached skill level 13 in Axes
  7933 | D:9      | Reached skill level 5 in Shields
  7976 | D:9      | Noticed a deep elf mage
  7989 | D:9      | Killed a deep elf mage
  8042 | D:9      | Noticed a seven-headed hydra
  8052 | D:9      | Killed a seven-headed hydra
  8052 | D:9      | Reached XP level 11. HP: 9/95 MP: 10/10
  8052 | D:9      | HP: 4/95 [bullfrog (5)]
  8435 | D:9      | Reached skill level 14 in Axes
  8606 | D:9      | Noticed an orc knight
  8617 | D:9      | Killed an orc knight
  8633 | D:9      | Got an ancient ring mail
  8644 | D:9      | Identified the +1 ring mail of Decompression {*Drain Int+6}
                  | (You found it on level 9 of the Dungeon)
  8665 | D:10     | Entered Level 10 of the Dungeon
  8979 | D:10     | Received a gift from Trog
  9052 | D:10     | Noticed a two-headed ogre
  9060 | D:10     | Killed a two-headed ogre
  9060 | D:10     | Reached skill level 15 in Axes
  9287 | D:10     | Noticed a necromancer
  9293 | D:10     | Killed a necromancer
  9685 | D:11     | Noticed a red ugly thing
  9685 | D:11     | Noticed an unseen horror
  9699 | D:11     | Killed a red ugly thing
  9699 | D:11     | Reached skill level 16 in Axes
  9700 | D:11     | Killed an unseen horror
  9824 | D:11     | Noticed a green ugly thing
  9838 | D:11     | Killed a green ugly thing
 10070 | D:11     | Reached skill level 17 in Axes
 10117 | D:11     | Noticed a five-headed hydra
 10129 | D:11     | Killed a five-headed hydra
 10129 | D:11     | Reached XP level 12. HP: 91/103 MP: 11/11
 10138 | D:11     | Found a staircase to the Lair.
 10440 | D:11     | Noticed a two-headed ogre
 10444 | D:11     | Killed a two-headed ogre
 10515 | D:10     | Got a fine broad axe {god gift}
 10516 | D:10     | Identified the +8 broad axe of Bimemn {vorpal, Stlth+}
                  | (Trog gifted it to you on level 10 of the Dungeon)
 11041 | D:12     | Found a staircase to the Orcish Mines.
 11133 | D:12     | Found a frozen archway.
 11144 | D:12     | Reached skill level 18 in Axes
 11154 | D:12     | Noticed Nergalle
 11169 | D:12     | Killed Nergalle
 11184 | IceCv    | Entered an ice cave
 11188 | IceCv    | Received a gift from Trog
 11431 | IceCv    | Got amethyst-encrusted quicksilver dragon scales
 11432 | IceCv    | Identified the cursed quicksilver dragon scales "Wakazeor"
                  | {rElec rF++ MR+ Dex+4 Stlth+} (You found it in an ice cave)
 11540 | IceCv    | Reached skill level 10 in Fighting
 11838 | IceCv    | Reached skill level 10 in Armour
 12110 | IceCv    | Noticed a frost giant
 12136 | IceCv    | Reached XP level 13. HP: 110/114 MP: 12/12
 12168 | IceCv    | Killed a frost giant
 12330 | D:12     | Noticed Fannar
 12370 | D:12     | Killed Fannar
 12605 | D:12     | Reached skill level 10 in Dodging
 12899 | D:13     | Received a gift from Trog
 14331 | D:14     | Reached skill level 10 in Shields
 14331 | D:14     | Reached XP level 14. HP: 126/126 MP: 13/13
 14644 | D:14     | Found a gate to the Vaults.
 14764 | D:14     | Reached ****** piety under Trog
 15257 | D:14     | Received a gift from Trog
 15661 | D:15     | Entered Level 15 of the Dungeon
 15766 | D:15     | Found Agizidid's Distillery.
 16017 | D:15     | Noticed Louise
 16020 | D:15     | Noticed a ghoul
 16033 | D:15     | Killed Louise
 16039 | D:15     | Killed a ghoul
 16354 | D:15     | Received a gift from Trog
 16455 | D:15     | Found a staircase to the Depths.
 16478 | D:15     | Reached XP level 15. HP: 128/136 MP: 14/14
 16917 | D:15     | Bought a potion of might for 56 gold pieces
 16917 | D:15     | Bought a potion of haste for 140 gold pieces
 16917 | D:15     | Bought a potion of heal wounds for 70 gold pieces
 16917 | D:15     | Bought a potion of heal wounds for 70 gold pieces
 16917 | D:15     | Bought a potion of heal wounds for 70 gold pieces
 17059 | D:15     | Noticed Jorgrun
 17072 | D:15     | Killed Jorgrun
 17203 | Lair:1   | Entered Level 1 of the Lair of Beasts
 17342 | Lair:1   | You fall into a shaft and drop 1 floor!
 17377 | Lair:2   | Noticed dorian's ghost (journeyman OgHu)
 17378 | Lair:2   | Found a runed translucent gate.
 17378 | Lair:2   | Found a runed translucent gate.
 17378 | Lair:2   | Found a runed translucent gate.
 17449 | Lair:2   | Received a gift from Trog
 18921 | Lair:2   | Killed dorian's ghost
 18929 | Lair:2   | Identified the cursed +1 double sword of Irigig {elec, rF+
                  | Str+6} (You found it on level 2 of the Lair of Beasts)
 19283 | Lair:3   | Noticed Gastronok
 19292 | Lair:3   | Killed Gastronok
 20175 | Lair:4   | Received a gift from Trog
 20394 | Lair:4   | Noticed Josephine
 20402 | Lair:4   | Killed Josephine
 20672 | Lair:4   | Found a hole to the Spider Nest.
 20943 | Lair:4   | Found a staircase to the Swamp.
 21448 | Lair:5   | Noticed Rupert
 21458 | Lair:5   | Killed Rupert
 21649 | Lair:5   | Reached XP level 16. HP: 147/147 MP: 15/15
 21719 | Lair:5   | Found a large runed translucent door.
 21719 | Lair:5   | Found a large runed translucent door.
 21720 | Lair:5   | Noticed Luam's ghost (journeyman OpFi)
 21735 | Lair:5   | Killed Luam's ghost
 21944 | Lair:5   | Reached skill level 15 in Fighting
 22191 | Lair:6   | Entered Level 6 of the Lair of Beasts
 22191 | Lair:6   | Found a staircase to the Slime Pits.
 22215 | Lair:6   | Received a gift from Trog
 22391 | Lair:6   | Noticed Nessos
 22394 | Lair:6   | Reached skill level 15 in Armour
 22417 | Lair:6   | Killed Nessos
 23464 | Lair:6   | Noticed Snorg
 23476 | Lair:6   | Killed Snorg
 23990 | Orc:1    | Entered Level 1 of the Orcish Mines
 24001 | Orc:1    | Received a gift from Trog
 24007 | Orc:1    | Noticed Harold
 24021 | Orc:1    | Killed Harold
 24293 | Orc:1    | Found a roughly hewn altar of Beogh.
 24758 | Orc:2    | Entered Level 2 of the Orcish Mines
 24892 | Orc:2    | Found a radiant altar of Vehumet.
 24895 | Orc:2    | Noticed Sonja
 24908 | Orc:2    | Killed Sonja
 25023 | Orc:2    | Found a roughly hewn altar of Beogh.
 25029 | Orc:2    | Found Bueluwn's Book Shoppe.
 25090 | Orc:2    | Found a staircase to the Elven Halls.
 25102 | Orc:2    | Received a gift from Trog
 25205 | Orc:2    | Found a roughly hewn altar of Beogh.
 25259 | Orc:2    | Found a roughly hewn altar of Beogh.
 25391 | Orc:2    | Noticed Saint Roka
 25664 | Orc:2    | Killed Saint Roka
 25864 | Orc:2    | Found Zoyvanowk's Antique Weapon Boutique.
 25865 | Orc:2    | Found a roughly hewn altar of Beogh.
 25866 | Orc:2    | Found Moniuk's Antique Armour Shop.
 26042 | Orc:2    | Found a roughly hewn altar of Beogh.
 26098 | Orc:2    | Received a gift from Trog
 26160 | Orc:2    | Found a roughly hewn altar of Beogh.
 26177 | Orc:2    | Found Oschifa's Weapon Shop.
 26285 | Orc:2    | Bought a pair of runed gloves for 255 gold pieces
 26524 | Swamp:1  | Entered Level 1 of the Swamp
 26606 | Swamp:1  | Noticed Donald
 26619 | Swamp:1  | HP: 2/151 [Donald/+2 eveningstar of draining (12)]
 26620 | Swamp:1  | Slain by Donald

Illustrated notes

Levels and vault maps discovered:
D:1:      onia_arrival_pyramid, layout_loops_ring, minmay_tetromino_t4
D:2:      layout_basic, minmay_misc_feat_five, minmay_misc_feat_more_columns
D:3:      layout_basic, nicolae_tso_carved_into_rock, uniq_terence,
          uniq_natasha, uniq_jessica
D:4:      layout_loops_cross
D:5:      layout_rooms, first_ration, minmay_fractal_squares_diagonal_5
D:6:      layout_loops_ring, grunt_qazlal_clouds, ashenzari_conservatory_becter,
          minmay_temple_entry_offerings
D:7:      layout_loops_ring, nicolae_overflow_crystal_walls, basic_altar,
          grunt_livestock, uniq_joseph
D:8:      layout_rooms, old_standard_altar, kennysheep_mini_moat, basic_altar,
          kennysheep_another_room
D:9:      layout_loops_ring, grunt_decor_cap, chequers_serial_rivers_small_a,
          st_stairs_6, nicolae_benzene_ring, minmay_the_grid_2x2
          [minmay_the_grid_spin_star, minmay_the_grid_fan,
          minmay_the_grid_armoury, minmay_the_grid_prize_four_corners]
D:10:     layout_rooms, eino_house_with_fridge
D:11:     layout_layer_cave, erik_lair_orcish_takeover
D:12:     layout_rooms, minmay_orc_entry_guard_dogs, portal_ice_cave_entry_imps,
          uniq_fannar, uniq_nergalle
D:13:     layout_cave_pods
D:14:     layout_roguey [special_room_bee], erik_vaults_2,
          minmay_misc_feat_diagonals, serial_bayou, serial_bayou_pond_a,
          serial_bayou_shore_b, serial_bayou_pond_a, serial_bayou_lagoon_a,
          serial_bayou_pond_e, minivault_8
D:15:     gammafunk_enter_depths_forms, layout_basic, serial_undead,
          serial_undead_d, serial_undead_d, serial_undead_b, serial_undead_a,
          serial_shops, shop, uniq_jorgrun, uniq_louise
Lair:1:   layout_misc_corridors
Lair:2:   layout_chaotic_city, gammafunk_ghost_hydra_chop,
          chequers_serial_rivers_large_b, roderic_carrion_pond
Lair:3:   layout_regular_city, forest_entry_grove, uniq_gastronok
Lair:4:   layout_loops_ring, minmay_swamp_entry_reptiles, spider_nest_entry_a,
          serial_rivers, chequers_serial_rivers_room_a,
          chequers_serial_rivers_small_a, chequers_serial_rivers_small_b,
          chequers_serial_rivers_micro_b, grunt_forest_small_clearings,
          uniq_josephine
Lair:5:   layout_roguey, ebering_ghost_disaster_area, beast_lair_carwin_10,
          grunt_megastairs_3, uniq_rupert
Lair:6:   minmay_lair_end_frog_pond, layout_loops_ring, slime_dummy,
          st_stairs_12, nicolae_quartered_pool_super, serial_bayou_lake_a,
          uniq_snorg, uniq_nessos
Swamp:1:  layout_falls_marsh, infiniplex_staircase_pool_2, uniq_donald
Orc:1:    layout_caves, basic_altar, uniq_harold
Orc:2:    grunt_orc_community_town_hall, layout_caves,
          grunt_orc_community_big_house_2, grunt_orc_community_big_house_2,
          grunt_orc_community_house_2, grunt_orc_community_house_2,
          grunt_orc_community_house_2, grunt_orc_community_house_3,
          grunt_orc_community_house_1, grunt_orc_community_house_3, basic_altar,
          uniq_sonja

Skill      XL: |  1  2  3  4  5  6  7  8  9 10 11 12 13 14 15 16 |
---------------+-------------------------------------------------+-----
Axes           | 4 5 6 8 9 10 11 13 17 18 | 18.0
Fighting       | 4 5 7 8 10 12 13 14 16 | 16.1
Armour         | 3 4 6 8 10 11 13 14 16 | 16.0
Dodging        | 3 4 5 7 9 10 12 13 14 | 14.8
Shields        | 5 7 10 11 13 14 | 14.8

Action                   |  1- 3 |  4- 6 |  7- 9 | 10-12 | 13-15 | 16-18 || total
-------------------------+-------+-------+-------+-------+-------+-------++-------
Melee: Hand axe          |    56 |   118 |       |       |       |       ||   174
       Headbutt          |     8 |    22 |    47 |   137 |   188 |   104 ||   506
       War axe           |       |    19 |   201 |   368 |       |       ||   588
       Broad axe         |       |       |       |   176 |   848 |   497 ||  1521
Invok: Berserk           |     2 |     1 |     4 |     4 |     7 |     4 ||    22
       Trog's Hand       |       |       |     2 |     8 |    10 |     6 ||    26
Evoke: Wand              |       |       |       |    15 |     2 |     4 ||    21
  Use: Scroll            |       |       |    10 |    12 |     7 |     6 ||    35
       Potion            |       |       |       |       |       |     1 ||     1
 Stab: Distracted        |       |       |       |     2 |       |       ||     2
       Sleeping          |       |       |       |     1 |       |       ||     1
  Eat: Chunk             |     2 |     7 |    15 |    26 |    35 |    20 ||   105
       Ration            |       |       |       |       |     2 |     1 ||     3
Armor: Animal skin       |     3 |       |       |       |       |       ||     3
       Ring mail         |     5 |    43 |    67 |   194 |   160 |       ||   469
       Scale mail        |       |       |       |       |    39 |    52 ||    91
       Chain mail        |       |       |       |       |       |    25 ||    25
Dodge: Dodged            |    35 |    83 |   138 |   355 |   493 |   184 ||  1288
Block: Buckler           |       |       |       |    91 |   123 |       ||   214
       Kite shield       |       |       |       |       |   178 |   247 ||   425
